 Dungeon Crawl Stone Soup version 0.24.0-13-gcf9b3192b9 (webtiles) character file.

Game seed: 5705700199867511908, levelgen mode: deterministic

93 Esekla the Charmwright (level 4, 0/25 HPs)
             Began as a Deep Elf Skald on Nov 6, 2019.
             Succumbed to a kobold's poison
             ... on level 2 of the Dungeon.
             The game lasted 00:14:06 (1633 turns).

Esekla the Charmwright (Deep Elf Skald)             Turns: 1633, Time: 00:14:07

Health: 0/25       AC:  4    Str:  9 (10) XL:     4   Next: 37%
Magic:  10/10      EV: 12    Int: 20 (23) God:
Gold:   44         SH:  0    Dex: 14 (15) Spells: 1/9 levels left

rFire    . . .     SeeInvis .   a - +0 falchion
rCold    . . .     Gourm    .   (no shield)
rNeg     . . .     Faith    .   b - +0 leather armour
rPois    .         Spirit   .   e - +0 helmet
rElec    .         Reflect  .   (no cloak)
rCorr    .         Harm     .   (no gloves)
MR       .....                  (no boots)
Stlth    +.........             (no amulet)
HPRegen  0.08/turn              (no ring)
MPRegen  0.12/turn              (no ring)

@: brilliant, lethally poisoned (0 -> -10)
A: blurry vision 1, sense surroundings 1, strong 1
a: no special abilities


You were on level 2 of the Dungeon.
You were not hungry.

You visited 1 branch of the dungeon, and saw 2 of its levels.

You collected 44 gold pieces.

Inventory:

Hand Weapons
 a - a +0 falchion (weapon)
Armour
 b - a +0 leather armour (worn)
 e - a +0 helmet (worn)
 l - a +0 buckler
Scrolls
 c - a scroll of magic mapping {unknown}
 h - 2 scrolls of teleportation
 k - a scroll of immolation {unknown}
Potions
 i - 2 potions of agility
Comestibles
 d - 3 rations


   Skills:
 - Level 1.5 Fighting
 * Level 3.9 Long Blades
 + Level 1.0 Armour
 + Level 2.8 Dodging
 - Level 3.0 Spellcasting
 - Level 4.4 Charms
 + Level 0.2 Translocations


You had one spell level left.
You knew the following spells:

 Your Spells              Type           Power        Failure   Level  Hunger
a - Infusion              Chrm           ####         1%          1    None
b - Shroud of Golubria    Chrm/Tloc      ###...       1%          2    ##.....
c - Song of Slaying       Chrm           ####....     1%          2    ##.....
e - Spectral Weapon       Hex/Chrm       ###.....     3%          3    ###....

Your spell library contained the following spells:

 Spells                   Type           Power        Failure   Level  Hunger
 Regeneration             Chrm/Necr      ###.......   3%          3    ###....


Dungeon Overview and Level Annotations

Branches:
Dungeon (2/15)

Altars:


Innate Abilities, Weirdness & Mutations

Scrolls take you a little longer to read.
You passively map a small area around you.
Your muscles are strong. (Str +2)


Message History

You kill the kobold!
You feel your strength returning.
* * * LOW HITPOINT WARNING * * *
You feel sick.
* * * LOW HITPOINT WARNING * * *
You feel sick.
Things that are here:
2 poisoned darts; a kobold corpse It was a potion of mutation.
You feel extremely strange.
Your vision blurs.
You feel stronger.
You feel a strange attunement to the structure of the dungeons.
* * * LOW HITPOINT WARNING * * *
You feel sick.
It was a potion of brilliance.
You feel clever all of a sudden.
* * * LOW HITPOINT WARNING * * *
You feel sick.
* * * LOW HITPOINT WARNING * * *
You feel sick.
You die...

#......# ##......... ##.....#
###.)####..## ,
#...###########..†<)##.....
#.#.# #....).)..((........#
......?.##..######......###.#..
.$........ * ##.(....# #.#..
..........#* #.(.....# #.#..
..........########..(.[..###.#..
...(...........@.(..............
.:.........####....#########....
................####...........
####...,*#.......#... ,
#.##.##...).....#. * *,*
#.##......<...#### * *,
#.#####...K.....## *,* ..#
#.......#..% , , #........###.


There were no monsters in sight!

Vanquished Creatures
  Robin (D:2)
  2 adders
  3 dart slugs (D:1)
  A leopard gecko (D:1)
  3 giant cockroaches (D:1)
  11 hobgoblins
  4 jackals (D:1)
  3 kobolds
  A ball python (D:1)
  6 bats (D:1)
  6 frilled lizards
  9 goblins
  4 rats
54 creatures vanquished.

Notes
Turn   | Place    | Note
-------+----------+-------------------------------------------
     0 | D:1      | Esekla the Deep Elf Skald began the quest for the Orb.
     0 | D:1      | Reached XP level 1. HP: 12/12 MP: 6/6
    99 | D:1      | Reached XP level 2. HP: 13/16 MP: 2/8
   451 | D:1      | Learned a level 2 spell: Song of Slaying
   467 | D:1      | Reached XP level 3. HP: 12/20 MP: 9/9
   921 | D:1      | Learned a level 2 spell: Shroud of Golubria
   925 | D:1      | Learned a level 3 spell: Spectral Weapon
  1248 | D:1      | Reached XP level 4. HP: 10/25 MP: 8/10
  1430 | D:2      | Noticed Robin
  1457 | D:2      | Reached skill level 1 in Armour
  1474 | D:2      | Killed Robin
  1630 | D:2      | Gained mutation: Scrolls take you a little longer to read.
                  | [potion of mutation]
  1630 | D:2      | Gained mutation: Your muscles are strong. (Str +2) [potion
                  | of mutation]
  1630 | D:2      | Gained mutation: You passively map a small area around you.
                  | [potion of mutation]
  1632 | D:2      | HP: 1/25 [poisoned by a kobold]
  1633 | D:2      | Succumbed to a kobold's poison

Levels and vault maps discovered:
D:1:      co_arrival_square_in_a_square_in_a_square, layout_basic, minivault_23,
          serial_bayou_pond_d
D:2:      layout_rooms, nicolae_tso_carved_into_rock, uniq_robin

Skill      XL: |  1  2  3  4 |
---------------+-------------+-----
Long Blades    | 2 3 |  3.9
Armour         | 1 |  1.0
Fighting       | |  1.5
Dodging        | |  2.8
Spellcasting   | |  3.0
Charms         | |  4.4
Translocations | |  0.2

Action                   |  1- 3 |  4- 6 || total
-------------------------+-------+-------++-------
Melee: Falchion          |   129 |    40 ||   169
 Cast: Infusion          |     2 |       ||     2
       Song of Slaying   |     2 |     1 ||     3
       Shroud of Golubri |     4 |     1 ||     5
  Use: Potion            |     4 |     4 ||     8
       Scroll            |     3 |       ||     3
 Stab: Sleeping          |     1 |       ||     1
  Eat: Chunk             |       |     3 ||     3
Armor: Leather armour    |    38 |     7 ||    45
Dodge: Dodged            |   122 |    35 ||   157
       Rpst.: Falchion   |    37 |    11 ||    48
